 Dungeon Crawl Stone Soup version 0.19-a0-1402-g0c1e9a7 (webtiles) character file.

803 rageheart7 the Spear-Bearer (level 7, 0/50 HPs)
             Began as a Merfolk Gladiator on Sept 4, 2016.
             Killed from afar by Blork the orc (5 damage)
             ... with a magic dart
             ... on level 5 of the Dungeon.
             The game lasted 00:07:14 (3731 turns).

rageheart7 the Spear-Bearer (Merfolk Gladiator)     Turns: 3731, Time: 00:07:15

Health: 0/50       AC:  9    Str: 17    XL:     7   Next: 91%
Magic:  7/7        EV: 17    Int:  7    God:
Gold:   170        SH:  5    Dex: 21    Spells: 0 memorised, 6 levels left

rFire  + . .     SeeInvis .     a - +0 trident
rCold  + . .     Gourm    .     C - +1 leather armour of the End {*Drain rElec rF+ Dex+6}
rNeg   . . .     Faith    .     i - +0 buckler
rPois  .         Spirit   .     c - +0 helmet
rElec  +         Dismiss  .     o - +1 cloak
rCorr  .         Reflect  .     (no gloves)
MR     .....     Harm     .     k - +1 pair of boots
Stlth  ++........               q - amulet of rage
                                (no ring)
                                e - ring of protection from cold

@: very slightly contaminated, invisible (expiring)
A: change form in water, swift swim, stealthy swim
a: Evoke Berserk Rage


You were on level 5 of the Dungeon.
You were not hungry.

You visited 1 branch of the dungeon, and saw 5 of its levels.
You also visited: Sewer.

You collected 170 gold pieces.

Inventory:

Hand Weapons
 a - a +0 trident (weapon)
 y - the cursed +2 quarterstaff of Conscience {vamp, rF+ rN+ Str-4}
   (You found it on level 4 of the Dungeon)

   It inflicts no extra harm, but heals its wielder somewhat when it strikes a
   living foe.
   It affects your strength (-4).
   It protects you from fire.
   It protects you from negative energy.
   It has a curse placed upon it.
Missiles
 d - 3 throwing nets (quivered)
Armour
 c - a +0 helmet (worn)
 i - a +0 buckler (worn)
 k - a +1 pair of boots (worn)
 o - a +1 cloak (worn)
 C - the +1 leather armour of the End (worn) {*Drain rElec rF+ Dex+6}
   (You found it on level 4 of the Dungeon)

   It affects your dexterity (+6).
   It protects you from fire.
   It insulates you from electricity.
   It causes draining when unequipped.
Jewellery
 e - a ring of protection from cold (left hand)
 q - an amulet of rage (around neck)
Wands
 p - a wand of digging (24/24)
Scrolls
 j - 3 scrolls of teleportation
 s - 2 scrolls of amnesia
 t - 2 scrolls of remove curse
Potions
 r - 3 potions of degeneration {unknown}
 u - 2 potions of heal wounds {unknown}
 w - a potion of cancellation
 x - a potion of cure mutation
 B - a potion of mutation {unknown}
Comestibles
 b - 2 chunks of flesh
 f - 2 bread rations
 g - 3 meat rations
 m - 3 fruits
 v - 2 beef jerkies


   Skills:
 - Level 2.1 Fighting
 * Level 10.9 Polearms
 - Level 2.0 Throwing
 - Level 7.1 Dodging
 - Level 1.1 Shields


You had 6 spell levels left.
You didn't know any spells.

Dungeon Overview and Level Annotations

Branches:
Dungeon (5/15)
 Temple: D:4-7

Altars:
Uskayaw

Annotations:
D:5 Blork the orc


Message History

The giant frog zombie closely misses you.
You hit the giant frog zombie.
You destroy the giant frog zombie!
You block something's attack.
A worm comes into view.
Things that are here:
a shortbow; 20 arrows; a centaur corpse Something hits you.
* * * LOW HITPOINT WARNING * * *
You puncture something! Something hits you but does no damage.
You closely miss something. Something barely misses you.
You closely miss something.
You flicker for a moment.
Something hits you.
* * * LOW HITPOINT WARNING * * *
You closely miss something.
You hear some strange, mumbled words.
A magic dart appears from out of thin air!
The magic dart hits you!
You die...

.....# ....###...
##........###.#.......
#......>...##.#.......
#................8....
#..........##.#.......
#..........##.#...?.
#..........##.#..###..
##..........)@{w..?..#
#....<.....####.......
#..........# ..#####
#..........# #.#
#..........# .#
#..........# .#
##........## .
##......## . ########


You could see a worm (wandering).

Vanquished Creatures
  The ghost of rogsnak the Vexing, an amateur DEEn (D:4)
  Purgy (Sewer)
  A centaur (D:5)
  A big kobold (Sewer)
  A water moccasin zombie (D:5)
  A water moccasin skeleton (D:4)
  A giant frog zombie (D:5)
  A giant frog skeleton (D:1)
  A hound (D:4)
  A worker ant (D:4)
  A hound zombie (D:5)
  A hound skeleton (D:4)
  The ghost of rogsnak the Sneak, a weakling SpEn (D:3)
  8 adders
  2 river rats (D:4)
  3 oozes
  An adder zombie (D:5)
  4 worms
  4 dart slugs
  3 giant geckos
  2 orcs
  4 bats
  4 giant cockroaches
  6 goblins
  11 hobgoblins
  4 jackals (D:1)
  3 quokkas
  4 ball pythons
  A giant gecko skeleton (D:4)
  10 giant newts
  7 kobolds
  8 rats
102 creatures vanquished.

Notes
Turn   | Place    | Note
-------+----------+-------------------------------------------
     0 | D:1      | rageheart7 the Merfolk Gladiator began the quest for the Orb.
     0 | D:1      | Reached XP level 1. HP: 16/16 MP: 1/1
   308 | D:1      | Reached skill level 5 in Polearms
   308 | D:1      | Reached XP level 2. HP: 14/22 MP: 2/2
   660 | D:1      | Reached XP level 3. HP: 27/27 MP: 3/3
   865 | D:1      | Reached skill level 6 in Polearms
   865 | D:1      | Reached XP level 4. HP: 26/33 MP: 4/4
   954 | D:2      | Found a hide-covered altar of Uskayaw.
  1430 | D:2      | Reached skill level 7 in Polearms
  1516 | D:2      | Reached skill level 5 in Dodging
  1634 | D:3      | Reached XP level 5. HP: 38/38 MP: 5/5
  1648 | D:3      | Noticed rogsnak's ghost (weakling SpEn)
  1659 | D:3      | Killed rogsnak's ghost
  2260 | D:4      | Got a transparent quarterstaff
  2357 | D:4      | Found a glowing drain.
  2410 | Sewer    | Entered a sewer
  2584 | Sewer    | Noticed Purgy
  2585 | Sewer    | Noticed a big kobold
  2613 | Sewer    | Killed Purgy
  2613 | Sewer    | Reached skill level 8 in Polearms
  2613 | Sewer    | Reached XP level 6. HP: 15/44 MP: 6/6
  2632 | Sewer    | Reached skill level 1 in Shields
  3031 | D:4      | Noticed rogsnak's ghost (amateur DEEn)
  3066 | D:4      | Killed rogsnak's ghost
  3066 | D:4      | Reached skill level 9 in Polearms
  3066 | D:4      | Reached XP level 7. HP: 37/50 MP: 7/7
  3478 | D:4      | Got an ichor-stained leather armour
  3489 | D:4      | Identified the cursed +1 leather armour of the End {*Drain rElec rF+ Dex+6} (You found it on level 4 of the Dungeon)
  3632 | D:4      | Identified the cursed +2 quarterstaff of Conscience {vamp, rF+ rN+ Str-4} (You found it on level 4 of the Dungeon)
  3656 | D:5      | Entered Level 5 of the Dungeon
  3660 | D:5      | Reached skill level 10 in Polearms
  3674 | D:5      | Noticed Blork the orc
  3731 | D:5      | Killed from afar by Blork the orc

Vault maps used:
D:1:      lemuel_arrival_river_ford
D:2:      eat_drink_and_be_merry_uskayaw
D:4:      portal_sewer_entry_c
D:5:      grunt_temple_overflow_open, first_bread, serial_undead,
          serial_undead_a, serial_undead_d, serial_undead_e, serial_undead_d,
          uniq_sigmund, uniq_blork_the_orc, uniq_pikel
Sewer:    kennysheep_door_sewer

Skill      XL: |  1  2  3  4  5  6  7 |
---------------+----------------------+-----
Polearms       | 5 6 7 8 9 10 | 10.9
Dodging        | 5 6 7 |  7.1
Shields        | 1 |  1.1
Fighting       | |  2.1
Throwing       | |  2.0

Action                   |  1- 3 |  4- 6 |  7- 9 || total
-------------------------+-------+-------+-------++-------
Melee: Trident           |    64 |   263 |   103 ||   430
       Tailslap          |       |     6 |       ||     6
  Use: Scroll            |       |     7 |     4 ||    11
       Potion            |       |     5 |     2 ||     7
 Stab: Sleeping          |       |     4 |       ||     4
       Invisible         |       |     1 |     2 ||     3
  Eat: Chunk             |       |     5 |       ||     5
       Meat ration       |       |     1 |       ||     1
Armor: Leather armour    |     9 |    61 |    14 ||    84
Dodge: Dodged            |    20 |   155 |    56 ||   231
Block: Buckler           |     2 |    30 |    30 ||    62
